 Dungeon Crawl Stone Soup version 0.31.0-32-g396128a36d (webtiles) character file.

Game seed: 7633184833526037919

438 PriceMaster the Digger (level 7, -4/42 HPs)
             Began as an Octopode Earth Elementalist on Mar 26, 2024.
             Slain by Duvessa
             ... wielding a +0 rapier
              (11 damage)
             ... on level 5 of the Dungeon.
             The game lasted 00:04:13 (4275 turns).

PriceMaster the Digger (OpEE)                       Turns: 4275, Time: 00:04:14

Health: -4/42      AC:  1    Str:  7    XL:     7   Next: 1%
Magic:  5/13       EV: 13    Int: 20    God:
Gold:   218        SH:  0    Dex: 12    Spells: 10/14 levels left

rFire   . . .        c - +3 dagger (pain)
rCold   . . .        e - orb {light}
rNeg    . . .        (helmet restricted)
rPois   .            h - amulet of regeneration
rElec   .            d - ring of wizardry
rCorr   .            (no ring)
SInv    .            (no ring)
Will    .....        (no ring)
Stlth   ++           (no ring)
HPRegen 1.07/turn    (no ring)
MPRegen 0.13/turn    (no ring)
                     (no ring)

%: wizardry (x1)
@: very slightly contaminated, glowing
A: almost no armour, amphibious, 8 rings, camouflage 1, gelatinous body 1,
(nimble swimmer 1), tentacles
a: no special abilities


You were on level 5 of the Dungeon.
You visited 1 branch of the dungeon, and saw 5 of its levels.

You collected 218 gold pieces.

Inventory:

Hand Weapons
 b - a +0 spear
 c - a +3 dagger of pain (weapon)
 k - a +1 arbalest of flaming
Missiles
 n - 2 throwing nets
Armour
 e - an orb of light (worn)
Jewellery
 d - a ring of wizardry (left tentacle)
 h - an amulet of regeneration (around mantle)
 u - an amulet of the acrobat
Wands
 r - a wand of mindburst (15)
Scrolls
 f - 5 scrolls of identify {unknown}
 g - a scroll of poison {unknown}
 j - a scroll of fog
 l - a scroll of blinking {unknown}
 p - a scroll of fear {unknown}
 t - 3 scrolls of amnesia {unknown}
 v - 2 scrolls of teleportation {unknown}
Potions
 i - a potion of might {unknown}
 m - a potion of curing {unknown}
 o - 2 potions of lignification {unknown}
 q - 2 potions of enlightenment {unknown}
 s - a potion of invisibility {unknown}


   Skills:
 + Level 0.9 Fighting
 + Level 0.6 Short Blades
 + Level 2.5 Dodging
 + Level 4.1 Stealth
 + Level 4.4 Spellcasting
 + Level 1.7 Conjurations
 + Level 5.0 Earth Magic


You had 10 spell levels left.
You knew the following spells:

 Your Spells              Type           Power      Damage    Failure   Level
a - Sandblast             Erth           48%        2d12      1%          1
b - Stone Arrow           Conj/Erth      34%        3d9       4%          3

Your spell library contained the following spells:

 Spells                   Type           Power      Damage    Failure   Level
 Passwall                 Erth           24%        N/A       1%          3
 Brom's Barrelling Bould  Conj/Erth      17%        2d4       12%         4
 Petrify                  Alch/Erth      14%        N/A       17%         4


Dungeon Overview and Level Annotations

Branches:
Dungeon (5/15)             Temple (0/1) D:5

Altars:
Nemelex Xobeh

Annotations:
D:5 Duvessa


Innate Abilities, Weirdness & Mutations

You cannot wear most types of armour.
You are amphibious.
You can wear up to eight rings at the same time.
Your skin changes colour to match your surroundings (Stealth+).
Your rubbery body absorbs attacks. (AC +1, EV +1)
((You are camouflaged when in or above water. (Stealth+)))
You have tentacles for arms and can constrict up to eight enemies at once.


Message History

Casting: Stone Arrow (dangerous; 4% risk of failure)
Confirm with . or Enter, or press ? or * to list all spells.
Aiming: Stone Arrow (dangerous; 4% risk of failure)
Press: ? - help, Shift-Dir - straight line, f/p - Duvessa
Aim: Duvessa, wielding a +0 rapier and wearing a +0 scale mail (lightly wounded, berserk, haloed, 85% to hit)
The stone arrow hits Duvessa!
Duvessa is moderately wounded.
Duvessa hits you with a +0 rapier!
Casting: Stone Arrow (dangerous; 4% risk of failure)
Confirm with . or Enter, or press ? or * to list all spells.
You don't have enough magic to cast this spell.
Unknown command.
Magic courses through your body. Duvessa hits you with a +0 rapier!
Casting: Stone Arrow (dangerous; 4% risk of failure)
Confirm with . or Enter, or press ? or * to list all spells.
Aiming: Stone Arrow (dangerous; 4% risk of failure)
Press: ? - help, Shift-Dir - straight line, f/p - Duvessa
Aim: Duvessa, wielding a +0 rapier and wearing a +0 scale mail (moderately wounded, berserk, haloed, 85% to hit)
You miscast Stone Arrow.
You are very lightly contaminated with residual magic.
Nothing appears to happen.
Duvessa closely misses you. Duvessa hits you with a +0 rapier!
* * * LOW HITPOINT WARNING * * *
Casting: Stone Arrow (dangerous; 4% risk of failure)
Confirm with . or Enter, or press ? or * to list all spells.
Aiming: Stone Arrow (dangerous; 4% risk of failure)
Press: ? - help, Shift-Dir - straight line, f/p - Duvessa
Aim: Duvessa, wielding a +0 rapier and wearing a +0 scale mail (moderately wounded, berserk, haloed, 85% to hit)
The stone arrow hits Duvessa!
Duvessa is heavily wounded.
Duvessa completely misses you.
Casting: Stone Arrow (dangerous; 4% risk of failure)
Confirm with . or Enter, or press ? or * to list all spells.
Aiming: Stone Arrow (dangerous; 4% risk of failure)
Press: ? - help, Shift-Dir - straight line, f/p - Duvessa
Aim: Duvessa, wielding a +0 rapier and wearing a +0 scale mail (heavily wounded, berserk, haloed, 85% to hit)
The stone arrow hits Duvessa!
Duvessa is heavily wounded.
Duvessa hits you with a +0 rapier!
You die...

#....# #.#(..
#.#.## #.#.# #.#.#
#.#.##
#############....#
#.................
#@#######.........
#e# #......... #)#
#..##+#... #.#
#..# #P.. #..
##..# #... ...
#...####... ##.
#.......... .#
#..........
..#####......##.


You could see Duvessa (berserk).

Vanquished Creatures
  A water moccasin (D:5)
  An ice beast (D:5)
  Dowan (D:5)
  A hound (D:5)
  An iguana (D:5)
  Ijyb (D:4)
  A gnoll (D:1)
  2 adders
  4 dart slugs
  A ribbon worm (D:2)
  An orc (D:4)
  2 bats
  3 endoplasms
  6 giant cockroaches
  7 goblins
  6 hobgoblins
  4 jackals (D:3)
  6 kobolds
  4 quokkas
  7 ball pythons
  2 frilled lizards (D:2)
  6 rats
68 creatures vanquished.

Vanquished Creatures (collateral kills)
  An endoplasm (D:1)
1 creature vanquished.

Grand Total: 69 creatures vanquished

Notes
Turn   | Place    | Note
-------+----------+-------------------------------------------
     0 | D:1      | PriceMaster the Octopode Earth Elementalist began the quest
                  | for the Orb.
     0 | D:1      | Reached XP level 1. HP: 11/11 MP: 3/3
   118 | D:1      | Reached XP level 2. HP: 17/17 MP: 1/5
   536 | D:1      | Reached XP level 3. HP: 21/21 MP: 6/6
  1282 | D:2      | Learned a level 3 spell: Stone Arrow
  1964 | D:2      | Reached XP level 4. HP: 27/27 MP: 8/8
  2367 | D:3      | Reached skill level 4 in Earth Magic
  3017 | D:4      | Found a sparkling altar of Nemelex Xobeh.
  3149 | D:4      | Identified the +3 robe of the Hills {Harm Will++ Str+3
                  | Dex-2}
  3479 | D:4      | Noticed Ijyb
  3489 | D:4      | Killed Ijyb
  3490 | D:4      | Reached XP level 5. HP: 4/31 MP: 6/10
  3860 | D:5      | Entered Level 5 of the Dungeon
  3891 | D:5      | Noticed a water moccasin
  3897 | D:5      | Killed a water moccasin
  3898 | D:5      | Reached XP level 6. HP: 37/37 MP: 4/11
  4091 | D:5      | Found a staircase to the Ecumenical Temple.
  4091 | D:5      | Noticed an ice beast
  4097 | D:5      | Killed an ice beast
  4265 | D:5      | Noticed Dowan
  4268 | D:5      | Killed Dowan
  4268 | D:5      | Noticed Duvessa
  4269 | D:5      | Reached skill level 5 in Earth Magic
  4269 | D:5      | Reached XP level 7. HP: 42/42 MP: 6/13
  4275 | D:5      | Slain by Duvessa

Illustrated notes

Levels and vault maps discovered:
D:1:      sevenhm_arrival_forest_fort_small_3, layout_basic, serial_bayou,
          serial_bayou_pond_a, serial_bayou_lake_a, serial_bayou_shore_b,
          serial_bayou_pond_d
D:2:      layout_basic, minivault_11, minmay_distorted
D:3:      layout_basic, chequers_serial_rivers_micro_c
D:4:      layout_loops_ring, mainiacjoe_overflow_concentric_impassable,
          hex_medium, uniq_ijyb
D:5:      layout_loops_ring, minmay_overflow_temple_star_quad,
          minmay_temple_entry_statues_fountains, corexii_shack, uniq_duvessa

Skill      XL: |  1  2  3  4  5  6 |
---------------+-------------------+-----
Stealth        | 3 4 |  4.1
Earth Magic    | 4 5 |  5.0
Spellcasting   | 3 4 |  4.4
Fighting       | |  0.9
Short Blades   | |  0.6
Dodging        | |  2.5
Conjurations   | |  1.7

Action                     |  1- 3 |  4- 6 |  7- 9 || total
---------------------------+-------+-------+-------++-------
  Melee: Dagger            |    20 |    12 |       ||    32
         Constrict         |     4 |     6 |       ||    10
         Tentacles         |     1 |     3 |       ||     4
   Cast: Sandblast         |    26 |    35 |       ||    61
         Stone Arrow       |     6 |    15 |     4 ||    25
    Use: Scroll            |     2 |       |       ||     2
         Potion            |       |     1 |     1 ||     2
   Stab: Sleeping          |     1 |     1 |       ||     2
 Armour: Skin              |    13 |    19 |     4 ||    36
  Dodge: Dodged            |    22 |    37 |     2 ||    61
